cohdb
Replays
Latest Replays
All Replays
Popular Replays
Top Player Replays
Match Explorer
How It Works
Community
CoH3 Stats
Reddit
Sign in to upload your games and track your stats! →
Sign in with Steam
Match 42178276
Unlisted
Match 42178276
Overview
Messages
Build Orders
End
Construct Barracks
Selects Heavy Weapons
Engineer Squad
Riflemen Squad
1⁄4-ton 4x4 Truck
Construct Weapon Support Center
Grenade Package
M1919 Machine Gun Team
Selects M2HB .50cal Heavy Machine Gun
M1 Mortar Team
Selects Assault Carriers
Mechanized Support Center
Riflemen Squad
M3 Assault Carrier
M1919 Machine Gun Team
Selects Exchangeable Parts
Riflemen Squad
Designate Forward Repair Station
Construct Tank Depot
Engineer Squad
Selects Rapid Reposition
M4A1 Sherman Medium Tank
Construct Medical Station
Rapid Repairs
Designate Forward Repair Station
M4A1 Sherman Medium Tank
Selects Bolstered Team Weapons
M4A1 76mm Conversion
Improvised Armor
[GG]Onkel Stonkel
[GG]Quiq
Maschinä87
McJ!zz!e
0
0
Comments
sign in to comment!
No comments posted yet!